 Dungeon Crawl Stone Soup version 0.31-a0-175-g9f7f995f2b (webtiles) character file.

Game seed: 11504399567733244572

404 qw the Shooter (level 6, -15/38 HPs)
             Began as a Gargoyle Hunter on June 17, 2023.
             Killed by divine providence
             ... invoked by an orc priest
              (17 damage)
             ... on level 4 of the Dungeon.
             The game lasted 00:01:02 (2793 turns).

qw the Shooter (Gargoyle Hunter)                    Turns: 2793, Time: 00:01:03

Health: -15/38     AC: 11    Str: 14    XL:     6   Next: 86%
Magic:  6/6        EV: 12    Int: 10    God:
Gold:   208        SH:  0    Dex: 15    Spells: 5/5 levels left

rFire   . . .        Y - +0 shortbow
rCold   + . .        (shield currently unavailable)
rNeg    + . .        a - +2 robe {Will+}
rPois   inf          (no helmet)
rElec   +            (no cloak)
rCorr   .            c - +2 pair of gloves
SInv    .            (no boots)
Will    +....        (no amulet)
Stlth   ++           j - ring of protection from cold
HPRegen 0.26/turn    (no ring)
MPRegen 0.10/turn

%: no passive effects
@: no status effects
A: sickness immunity, AC +4, negative energy resistance 1, electricity
resistance, torment resistance 1, petrification resistance
a: no special abilities


You were on level 4 of the Dungeon.
You visited 1 branch of the dungeon, and saw 4 of its levels.

You collected 208 gold pieces.


Innate Abilities, Weirdness & Mutations

You are immune to sickness and miasma.
Your stone body is resilient. (AC +4)
You are immune to poison.
You resist negative energy. (rN+)
You are resistant to electric shocks. (rElec)
You are resistant to unholy torment.
You are immune to petrification.


   Skills:
 - Level 4.2 Fighting
 - Level 7.1 Ranged Weapons
 + Level 1.9 Dodging
 - Level 1.1 Stealth


You had 5 spell levels left.
You didn't know any spells.
Your spell library was empty.

Inventory:

Hand Weapons
 Y - a +0 shortbow (weapon)
Armour
 a - a +2 robe of willpower (worn)
 c - a +2 pair of gloves (worn)
Jewellery
 j - a ring of protection from cold (left hand)
Scrolls
 g - a scroll of identify
Potions
 b - a potion of magic
 d - 5 potions of curing
 f - a potion of lignification {unknown}
 h - a potion of heal wounds {unknown}
 i - a potion of might {unknown}

Dungeon Overview and Level Annotations

Branches:
Dungeon (4/15)
 Temple: D:4-7

Altars:

Shops:
D:2 =


Message History

The orc wizard barely misses you.
You shoot an arrow. The arrow hits the orc wizard.
The orc wizard is moderately wounded.
The orc wizard points at you and mumbles some strange words.
The magic dart hits you!
You shoot an arrow. The arrow hits the orc wizard.
The orc wizard is heavily wounded.
The orc wizard hits you but does no damage.
You shoot an arrow. The arrow barely misses the orc wizard.
The arrow barely misses the orc priest.
The orc wizard casts a spell.
The orc wizard flickers and vanishes!
Deactivating autopickup; reactivate with Ctrl-A.
You shoot an arrow. Something hits you but does no damage.
You shoot an arrow.
You hear some strange, mumbled words.
A puff of flame appears from out of thin air!
The puff of flame hits you but does no damage.
You shoot an arrow. The arrow hits the orc priest.
The orc priest is severely wounded.
Something hits you but does no damage.
The orc priest mumbles some strange prayers to Beogh against you.
Beogh smites you!
You shoot an arrow.
Reactivating autopickup.
You feel a bit more experienced.
You shoot an arrow.
The arrow hits the quokka but does no damage.
The quokka barely misses you.
You shoot an arrow. The arrow closely misses the quokka.
The arrow hits the orc priest.
The orc priest is almost dead.
The quokka bites you but does no damage.
The quokka misses you.
You shoot an arrow. The arrow hits the quokka.
The quokka is moderately wounded.
The orc priest calls down the wrath of Beogh upon you.
Beogh smites you!
You die...

##########
.........#
..o......#
..o....o.# #r#
####@## +.....#
#.....# ####'##
######.###.###
#............#
#.........>..# #.
##.<##..##..##
##..##..###+######


You could see an orc priest and a quokka.

Vanquished Creatures
  Sigmund (D:2)
  2 orc priests
  An iguana (D:3)
  An orc wizard (D:4)
  2 adders
  4 gnolls
  4 worms (D:2)
  3 dart slugs
  7 orcs (D:3)
  4 ball pythons
  5 endoplasms
  3 giant cockroaches
  3 goblins
  5 hobgoblins
  2 jackals (D:2)
  4 quokkas
  2 bats
  2 frilled lizards
  2 kobolds (D:2)
  4 rats
61 creatures vanquished.

Notes
Turn   | Place    | Note
-------+----------+-------------------------------------------
     0 | D:1      | qw the Gargoyle Hunter began the quest for the Orb.
     0 | D:1      | Reached XP level 1. HP: 12/12 MP: 1/1
     0 | D:1      | 0 ||| qw: Version: 0.3-a-2-g5ab2908
     0 | D:1      | 0 ||| qw: Game counter: 96
     0 | D:1      | 0 ||| qw: Always use a shield: true
     0 | D:1      | 0 ||| qw: God list: Okawaru
     0 | D:1      | 0 ||| qw: Allow faded altars: false
     0 | D:1      | 0 ||| qw: Do Orc after D:15 true
     0 | D:1      | 0 ||| qw: Do second Lair branch before Depths: true
     0 | D:1      | 0 ||| qw: Lair rune preference: random
     0 | D:1      | 0 ||| qw: Plans: Normal, Zot:1-4, Slime:5, God:TSO, Crypt,
                  | Tomb, Abyss, Pan, Hells, Win
     0 | D:1      | 0 ||| PLANNING D:1-11
   179 | D:1      | HP: 1/12 [gnoll/+0 whip (5)]
   181 | D:1      | Reached XP level 2. HP: 2/17 MP: 2/2
   801 | D:1      | 801 ||| READING 4 scrolls labelled DUZIUJU HUYTH.
   802 | D:1      | 802 ||| READING scroll labelled QIOPRA LOHOUDA.
   803 | D:1      | 803 ||| READING scroll labelled GAAPOW GIDWUIXT.
   804 | D:1      | 804 ||| DRINKING 2 bubbling blue potions.
   805 | D:1      | 805 ||| DROPPING 3 scrolls of revelation.
   806 | D:1      | 806 ||| DROPPING scroll of butterflies.
   857 | D:2      | Noticed Sigmund
   864 | D:2      | HP: 2/17 [Sigmund/+0 scythe (6)]
   866 | D:2      | 866 ||| FLEEEEING.
   868 | D:2      | 868 ||| FLEEEEING.
   870 | D:2      | 870 ||| FLEEEEING.
   871 | D:2      | 871 ||| FLEEEEING.
   880 | D:2      | 880 ||| STAIRDANCE
   938 | D:2      | 938 ||| STAIRDANCE
   970 | D:2      | Killed Sigmund
   971 | D:2      | Reached skill level 6 in Ranged Weapons
   971 | D:2      | Reached XP level 3. HP: 21/21 MP: 3/3
   971 | D:2      | Reached XP level 4. HP: 26/26 MP: 4/4
   971 | D:2      | Reached XP level 5. HP: 30/30 MP: 5/5
  1480 | D:2      | Reached skill level 3 in Fighting
  1537 | D:2      | Found Felil's Jewellery Emporium.
  1542 | D:2      | 1542 ||| SHOPLISTING +4 ring of protection (360 gold, have
                  | 112).
  1542 | D:2      | 1542 ||| SHOPLISTING ring of fire (250 gold, have 112).
  1542 | D:2      | 1542 ||| SHOPLISTING ring of positive energy (200 gold,
                  | have 112).
  1542 | D:2      | 1542 ||| SHOPLISTING ring of protection from fire (250
                  | gold, have 112).
  1542 | D:2      | 1542 ||| SHOPLISTING ring of see invisible (150 gold, have
                  | 112).
  1888 | D:2      | 1888 ||| UPGRADING to +2 robe of willpower.
  1898 | D:2      | 1898 ||| DROPPING +0 leather armour.
  1899 | D:2      | 1899 ||| UPGRADING to ring of protection from cold.
  1900 | D:2      | 1900 ||| READING scroll labelled OJEMEK NEPPE.
  1901 | D:2      | 1901 ||| READING scroll labelled VESAIPRAIGG.
  1992 | D:3      | Reached XP level 6. HP: 24/37 MP: 6/6
  2270 | D:3      | HP: 8/38 [orc/+0 hand axe (3)]
  2592 | D:3      | Found a faded altar of an unknown god.
  2645 | D:3      | 2645 ||| UPGRADING to +2 pair of gloves.
  2650 | D:3      | 2650 ||| READING 2 scrolls labelled JILIOGR BYETSIU.
  2651 | D:3      | 2651 ||| READING 2 scrolls of identify.
  2651 | D:3      | 2651 ||| IDENTIFYING fuming sapphire potion
  2652 | D:3      | 2652 ||| DROPPING scroll of vulnerability.
  2763 | D:4      | 2763 ||| Stepping ~*~*~tactically~*~*~ (outnumbered).
  2774 | D:4      | Reached skill level 7 in Ranged Weapons
  2789 | D:4      | HP: 1/38 [orc priest/divine providence (12)]
  2793 | D:4      | Killed from afar by an orc priest

Levels and vault maps discovered:
D:1:      dpeg_arrival_radiant, layout_basic, minivault_24
D:2:      layout_basic, serial_aquarium, aquarium_bridge_island_small
          [aquarium_subvault_small_water, aquarium_subvault_bridge,
          aquarium_subvault_bridge, aquarium_subvault_wall,
          aquarium_subvault_window], aquarium_bridge_straight
          [aquarium_subvault_bridge, aquarium_subvault_wall,
          aquarium_subvault_bridge, aquarium_subvault_balcony],
          aquarium_window_3, aquarium_window_1, aquarium_view_2e,
          aquarium_balcony_3a, serial_shops, nicolae_shop_rolling_square,
          st_stairs_12, uniq_sigmund
D:3:      layout_rooms, dreamdust_ecumenical_altar_statues,
          kennysheep_generic_room_16
D:4:      layout_gridville, serial_glass, glass_columns_a, glass_columns_b,
          small_statue_alley_b, minivault_11

Skill      XL: |  1  2  3  4  5  6 |
---------------+-------------------+-----
Ranged Weapons | 6 7 |  7.1
Fighting       | 3 4 |  4.2
Dodging        | |  1.9
Stealth        | |  1.1

Action                     |  1- 3 |  4- 6 || total
---------------------------+-------+-------++-------
   Fire: Shortbow          |    50 |   180 ||   230
    Use: Scroll            |     3 |     4 ||     7
         Potion            |     1 |       ||     1
 Armour: Leather armour    |     2 |    11 ||    13
         Robe              |       |    28 ||    28
  Dodge: Dodged            |    17 |    51 ||    68

Table legend:
 A = Non-vault XP
 B = Vault XP
 C = Vault XP percentage of total XP
 D = Non-vault monster count
 E = Vault monster count
 F = Vault count percentage of total count
                 A         B        C        D         E       F
            +---------+---------+-------+---------+---------+-------
      Total |     351 |     227 |  39.3 |      58 |       3 |   4.9
            +---------+---------+-------+---------+---------+-------
        D:1 |      26 |       0 |   0.0 |       9 |       0 |   0.0
        D:2 |      60 |     223 |  78.8 |      19 |       1 |   5.0
        D:3 |     181 |       4 |   2.2 |      25 |       2 |   7.4
        D:4 |      84 |       0 |   0.0 |       5 |       0 |   0.0
            +---------+---------+-------+---------+---------+-------
